 Dungeon Crawl Stone Soup version 0.27-a0-1548-gf8a67e7463 (webtiles) character file.

Game seed: 247082416161980757

8354 garrulousMonolith the Fey Demonspawn (level 11, -10/84 HPs)
             Began as a Demonspawn Fighter on July 13, 2021.
             Was a Believer of Yredelemnul.
             Mangled by a thrashing horror (11 damage)
             ... on level 4 of the Abyss.
             The game lasted 00:12:49 (10465 turns).

garrulousMonolith the Fey Demonspawn (DsFi)        Turns: 10465, Time: 00:12:50

Health: -10/84     AC: 14    Str: 19    XL:     11   Next: 8%
Magic:  0/18       EV:  7    Int: 11    God:    Yredelemnul [**....]
Gold:   330        SH: 10    Dex: 12    Spells: 10/10 levels left

rFire    + . .     SeeInvis .   n - +2 whip (elec)
rCold    . . .     Faith    .   c - +0 kite shield
rNeg     . . .     Spirit   +   k - +0 chain mail
rPois    .         Reflect  .   (no helmet)
rElec    .         Harm     .   (no cloak)
rCorr    .         Rampage  .   (no gloves)
Will     .....                  (no boots)
Stlth    ..........             j - amulet of guardian spirit
HPRegen  0.00/turn              x - +4 ring of protection
MPRegen  0.32/turn              s - ring of protection from fire

@: about to teleport, diseased
A: hooves 2, spiny 2, magic regeneration, sturdy frame 1
a: Renounce Religion, Animate Remains, Recall Undead Slaves, Injury Mirror


You were on level 4 of the Abyss.
You worshipped Yredelemnul.
Yredelemnul was pleased with you.
You visited 2 branches of the dungeon, and saw 11 of its levels.
You visited the Abyss 1 time.

You collected 499 gold pieces.
You spent 169 gold pieces at shops.

Inventory:

Hand Weapons
 n - a +2 whip of electrocution (weapon)
 A - a +4 spear of freezing
 I - a +3 trident
Missiles
 e - 10 poisoned darts
 o - 3 boomerangs (quivered)
 F - 2 curare-tipped darts
Armour
 c - a +0 kite shield (worn)
 k - a +0 chain mail (worn)
Jewellery
 j - an amulet of guardian spirit (around neck)
 s - a ring of protection from fire (right hand)
 u - a ring of flight
 x - a +4 ring of protection (left hand)
 C - a ring of ice
 D - a ring of magical power
Wands
 d - a wand of polymorph (9)
 t - a wand of flame (12)
 w - a wand of mindburst (11)
 H - a wand of iceblast (6)
Scrolls
 b - 4 scrolls of identify
 g - 3 scrolls of enchant armour
 l - 2 scrolls of teleportation
 m - 2 scrolls of magic mapping
 r - a scroll of amnesia
 y - a scroll of noise {unknown}
 B - a scroll of fog {unknown}
 E - a scroll of holy word {unknown}
 G - a scroll of fear {unknown}
Potions
 f - 2 potions of lignification
 h - 2 potions of curing
 i - 3 potions of haste
 p - a potion of ambrosia
 q - a potion of attraction {unknown}
 v - 4 potions of flight
 z - 2 potions of resistance
 J - a potion of might
 K - a potion of mutation {unknown}


   Skills:
 + Level 7.5 Fighting
 * Level 9.3 Polearms
 + Level 6.9 Armour
 + Level 7.0 Shields
 * Level 9.4 Invocations


You had 10 spell levels left.
You didn't know any spells.
Your spell library contained the following spells:

 Spells                   Type           Power      Damage    Failure   Level
 Magic Dart               Conj           0%         1d3       99%         1
 Searing Ray              Conj           0%         3d3       100%        2
 Fulminant Prism          Conj/Hex       0%         3d6       100%        4


Dungeon Overview and Level Annotations

Branches:
Dungeon (10/15)            Temple (1/1) D:6            Lair (0/6) D:9
    Orc (0/2) D:9

Altars:
Ashenzari
Cheibriados
Dithmenos
Elyvilon
Fedhas
Gozag
Hepliaklqana
Kikubaaqudgha
Makhleb
Nemelex Xobeh
Okawaru
Qazlal
Ru
Sif Muna
Trog
Uskayaw
Vehumet
Wu Jian
Xom
Yredelemnul
Zin
The Shining One

Shops:
D:2 (   D:8 *

Annotations:
D:9 exclusion: obsidian statue
D:10 Erolcha


Innate Abilities, Weirdness & Mutations

You have hoof-like feet.
You are mostly covered in sharp spines.
You regenerate magic rapidly.
Your movements are slightly less encumbered by armour. (ER -2)


Message History

You block the thrashing horror's attack.
The thrashing horror tramples you but does no damage.
The demonic crawler hits you but does no damage. x2
The demonic crawler hits you!
* * * LOW HITPOINT WARNING * * *
The thrashing horror roars!
The thrashing horror is struck by your spines.
The thrashing horror tramples you.
* * * LOW HITPOINT WARNING * * *
You hold your ground!
You block the thrashing horror's attack. x2
The thrashing horror tramples you.
* * * LOW HITPOINT WARNING * * *
You hold your ground!
The thrashing horror is struck by your spines.
The thrashing horror tramples you!
* * * LOW HITPOINT WARNING * * *
You hold your ground!
The thrashing horror tramples you but does no damage. x2
The thrashing horror tramples you.
* * * LOW HITPOINT WARNING * * *
You stumble backwards!
You hit the thrashing horror.
You kick the thrashing horror, but do no damage.
The thrashing horror is lightly damaged.
The thrashing horror tramples you but does no damage.
You block the thrashing horror's attack.
The thrashing horror tramples you but does no damage.
You block the thrashing horror's attack.
The thrashing horror tramples you but does no damage. x2
You closely miss the thrashing horror. You kick the thrashing horror.
The thrashing horror is moderately damaged.
The thrashing horror tramples you but does no damage.
The thrashing horror tramples you!
* * * LOW HITPOINT WARNING * * *
You hold your ground!
The thrashing horror is struck by your spines.
The thrashing horror tramples you!
You die...
Your body rises from the dead as a mindless zombie.

###..#######.
.( #
......... #..
##A.#...#.. .
#...#......
..
#...#...#.. .
#x∩........
#s.........
#XXX....#.#
#@##.#...#
### ##...# .
.# .###


You could see a daeva, a demonic crawler, an ancient zyme and 3 thrashing
horrors.

Vanquished Creatures
  A death yak (D:9)
  Nergalle (D:10)
  Pikel (D:5)
  A cyclops (D:6)
  A kobold demonologist (D:6)
  2 trolls (D:6)
  Prince Ribbit (D:6)
  Grinder (D:4)
  2 wraiths
  10 yaks
  2 steam dragons (D:8)
  Eustachio (D:4)
  Menkaure (D:7)
  2 water moccasins
  Duvessa (D:6)
  2 orc warriors
  2 ice beasts
  3 sky beasts
  A black bear (D:4)
  2 lemures
  4 kobold brigands
  4 bullfrogs
  A small abomination (Abyss:2)
  2 scorpions
  Dowan (D:6)
  3 wights (D:9)
  3 water moccasin skeletons
  5 howler monkeys
  2 centaur zombies
  3 hounds
  2 jellies
  A gnoll shaman (D:7)
  An orc priest (D:5)
  3 centaur skeletons (D:7)
  2 iguanas
  4 orc wizards
  A killer bee zombie (D:5)
  4 gnolls (D:7)
  7 adders
  A shadow imp (D:6)
  3 ufetubi
  An adder skeleton (D:4)
  2 dart slugs
  22 orcs
  8 ball pythons
  4 bats
  8 endoplasms
  3 giant cockroaches
  5 goblins
  6 hobgoblins
  7 jackals
  2 quokkas
  3 frilled lizards
  31 kobolds
  2 rats
199 creatures vanquished.

Vanquished Creatures (collateral kills)
  A tengu conjurer (D:9)
1 creature vanquished.

Vanquished Creatures (others)
  2 kobolds (D:8)
  A tengu zombie (D:9)
  3 yak zombies (D:9)
  A howler monkey zombie (D:9)
  7 kobold zombies
  4 plants (D:2)
18 creatures vanquished.

Grand Total: 218 creatures vanquished

Notes
Turn   | Place    | Note
-------+----------+-------------------------------------------
     0 | D:1      | garrulousMonolith the Demonspawn Fighter began the quest
                  | for the Orb.
     0 | D:1      | Reached XP level 1. HP: 18/18 MP: 1/1
   518 | D:1      | Gained mutation: You are partially covered in sharp spines.
                  | [demonic ancestry]
   518 | D:1      | Reached XP level 2. HP: 15/24 MP: 2/2
   827 | D:1      | Found a faded altar of an unknown god.
  1129 | D:2      | Gained mutation: You have large cloven feet. [demonic
                  | ancestry]
  1129 | D:2      | Reached XP level 3. HP: 29/29 MP: 3/3
  1525 | D:2      | Found Utysk's Antique Weapon Shoppe.
  1550 | D:2      | Gained mutation: You are mostly covered in sharp spines.
                  | [demonic ancestry]
  1550 | D:2      | Reached XP level 4. HP: 27/35 MP: 4/4
  2523 | D:3      | Found a burning altar of Makhleb.
  2527 | D:3      | Noticed a cacodemon
  2583 | D:3      | Noticed an angel
  2654 | D:4      | Noticed a black bear
  2656 | D:4      | Reached XP level 5. HP: 42/42 MP: 5/5
  2663 | D:4      | Killed a black bear
  2665 | D:4      | Reached XP level 6. HP: 34/48 MP: 6/6
  2787 | D:4      | Noticed Grinder
  2812 | D:4      | Killed Grinder
  3004 | D:4      | Found a sacrificial altar of Ru.
  3013 | D:4      | Gained mutation: You regenerate magic rapidly. [demonic
                  | ancestry]
  3013 | D:4      | Reached XP level 7. HP: 53/55 MP: 7/7
  3052 | D:4      | Noticed Eustachio
  3073 | D:4      | Killed Eustachio
  3422 | D:4      | Found an opulent altar of Gozag.
  3534 | D:4      | Reached skill level 5 in Polearms
  3857 | D:5      | Entered Level 5 of the Dungeon
  4233 | D:5      | Found a hazy altar of Hepliaklqana.
  4379 | D:5      | Noticed a yak
  4379 | D:5      | You fall into a shaft and drop 3 floors!
  4389 | D:8      | Found Ajot's General Store.
  4399 | D:8      | Bought a scroll of identify for 26 gold pieces
  4444 | D:8      | Noticed a steam dragon
  4452 | D:8      | Noticed a steam dragon
  4454 | D:8      | Killed a steam dragon
  4455 | D:8      | Reached skill level 5 in Fighting
  4455 | D:8      | Reached XP level 8. HP: 39/62 MP: 5/8
  4835 | D:7      | Reached skill level 5 in Armour
  4835 | D:7      | Reached skill level 5 in Shields
  5012 | D:6      | Found a staircase to the Ecumenical Temple.
  5029 | Temple   | Entered the Ecumenical Temple
  5315 | Temple   | Became a worshipper of Yredelemnul the Dark
  5340 | D:6      | Noticed a troll
  5347 | D:6      | Killed a troll
  5458 | D:6      | Found a hide-covered altar of Uskayaw.
  5487 | D:6      | Noticed Pikel
  5503 | D:5      | Killed Pikel
  5504 | D:5      | Gained mutation: You have hoof-like feet. [demonic
                  | ancestry]
  5504 | D:5      | Reached XP level 9. HP: 41/69 MP: 7/11
  5715 | D:5      | Reached skill level 5 in Invocations
  5947 | D:6      | Found an ornate altar of the Wu Jian Council.
  5984 | D:6      | Noticed Duvessa
  5985 | D:6      | Noticed Dowan
  5991 | D:6      | Killed Duvessa
  5996 | D:6      | Killed Dowan
  6028 | D:6      | Found a shadowy altar of Dithmenos.
  6051 | D:6      | Noticed Prince Ribbit
  6058 | D:6      | Killed Prince Ribbit
  6488 | D:6      | Found an ancient bone altar of Kikubaaqudgha.
  6510 | D:6      | Reached * piety under Yredelemnul
  6533 | D:6      | Noticed a kobold demonologist
  6540 | D:6      | Reached XP level 10. HP: 72/77 MP: 14/14
  6568 | D:6      | Noticed a cyclops
  6584 | D:6      | Killed a cyclops
  6812 | D:6      | Noticed a sun demon
  7325 | D:7      | Noticed Menkaure
  7330 | D:7      | Killed Menkaure
  8055 | D:9      | Reached ** piety under Yredelemnul
  8299 | D:9      | Found a staircase to the Lair.
  8299 | D:9      | Noticed a death yak
  8299 | D:9      | Noticed a death yak
  8299 | D:9      | Noticed a death yak
  8299 | D:9      | Noticed a death yak
  8299 | D:9      | Noticed a death yak
  8300 | D:9      | Noticed a death yak
  8300 | D:9      | Noticed a death yak
  8480 | D:2      | Bought a runed trident for 143 gold pieces
  8862 | D:9      | Noticed an obsidian statue
  9032 | D:9      | Killed a death yak
  9401 | D:9      | Found a staircase to the Orcish Mines.
  9439 | D:9      | Found a shimmering blue altar of Sif Muna.
  9490 | D:9      | Found a radiant altar of Vehumet.
  9993 | D:10     | Entered Level 10 of the Dungeon
 10010 | D:10     | Gained mutation: Your movements are slightly less
                  | encumbered by armour. (ER -2) [demonic ancestry]
 10010 | D:10     | Reached XP level 11. HP: 73/84 MP: 17/17
 10194 | D:10     | Noticed Nergalle
 10214 | D:10     | Killed Nergalle
 10248 | D:10     | Noticed Erolcha
 10250 | D:10     | Cast into level 2 of the Abyss (Erolcha)
 10368 | Abyss:2  | Noticed a spatial maelstrom
 10369 | Abyss:2  | Noticed a boulder beetle
 10374 | Abyss:2  | a boulder beetle changed into something unseen
 10375 | Abyss:3  | Found a corrupted altar of Lugonu.
 10449 | Abyss:4  | Found a corrupted altar of Lugonu.
 10450 | Abyss:4  | Noticed a daeva
 10457 | Abyss:4  | Noticed a thrashing horror
 10457 | Abyss:4  | Noticed a thrashing horror
 10458 | Abyss:4  | Noticed a thrashing horror
 10465 | Abyss:4  | HP: 1/84 [thrashing horror (4)]
 10465 | Abyss:4  | Mangled by a thrashing horror

Illustrated notes

Levels and vault maps discovered:
D:1:      dpeg_arrival_tiny_i, layout_loops_corners,
          dreamdust_ecumenical_altar_statues
D:2:      layout_loops_corners, serial_shops, nicolae_shop_overgrown_old_shop,
          minivault_25, moated_statue
D:3:      layout_rooms, grunt_temple_overflow_order_and_chaos_2
D:4:      layout_basic, chequers_temple_overflow_statue_of_worship,
          nicolae_ru_great_annihilating_truth, kennysheep_generic_room_16,
          uniq_grinder, uniq_eustachio
D:5:      layout_loops_cross, nicolae_hepliaklqana_hippocampus
D:6:      minmay_chambers_of_sixes, layout_cave_pools, grunt_dithmenos_smoke,
          mainiacjoe_overflow_cross_hatched,
          mainiacjoe_overflow_surrounded_room, kennysheep_mini,
          minmay_temple_entry_gardened_gates, uniq_pikel, uniq_prince_ribbit1,
          uniq_duvessa
D:7:      layout_loops_corners, chequers_serial_rivers_micro_b, uniq_menkaure
D:8:      layout_basic, serial_shops, shop_fountains, lemuel_old_faithful
D:9:      layout_roguey, mainiacjoe_overflow_paths,
          nicolae_overflow_crystal_walls, dpeg_lair_monsters, orc_0_dummy,
          grunt_ministairs_12, minivault_27, minivault_15
D:10:     layout_irregular_city, ebering_ghost_funeral_grove,
          minmay_misc_feat_room, uniq_nergalle, uniq_erolcha
Temple:   compressed_dpeg_triangle_lava_temple
Abyss:4:  base: D:3, evilmike_abyss_exit_8, minivault_27,
          due_evilmike_abyss_rune_seething_liches

Skill      XL: |  1  2  3  4  5  6  7  8  9 10 11 |
---------------+----------------------------------+-----
Polearms       | 2 3 4 5 7 8 9 |  9.3
Armour         | 3 4 5 6 |  6.9
Shields        | 3 4 5 6 7 |  7.0
Fighting       | 4 5 6 7 |  7.5
Invocations    | 3 6 9 |  9.4

Action                   |  1- 3 |  4- 6 |  7- 9 | 10-12 || total
-------------------------+-------+-------+-------+-------++-------
Melee: Trident           |    95 |    49 |       |       ||   144
       Kick              |     3 |    17 |    45 |    66 ||   131
       Whip              |       |    41 |   183 |   220 ||   444
Invok: Animate Remains   |       |       |       |    22 ||    22
Evoke: Wand              |       |       |       |     5 ||     5
  Use: Potion            |     2 |       |     4 |     3 ||     9
       Scroll            |       |       |     3 |    12 ||    15
 Stab: Paralysed         |       |       |     1 |       ||     1
       Distracted        |       |       |       |     1 ||     1
Armor: Scale mail        |    15 |    36 |    35 |       ||    86
       Skin              |    32 |       |       |       ||    32
       Chain mail        |       |       |    50 |   116 ||   166
Dodge: Dodged            |    13 |    19 |    41 |    45 ||   118
Block: Kite shield       |    19 |    31 |    95 |   128 ||   273

Table legend: (Time is in decaauts)
 A = Elapsed time spent in this place.
 B = Non-inter-level travel time spent in this place.
 C = Inter-level travel time spent in this place.
 D = Time resting spent in this place.
 E = Time spent auto-exploring this place.
 F = Levels seen in this place.
 G = Mean time per level.
                   A        B        C        D        E       F      G
               +--------+--------+--------+--------+--------+-----+--------+
         Total |  10805 |  10132 |    673 |   1508 |   6925 |  14 |  771.8 |
       Dungeon |  10280 |   9619 |    661 |   1447 |   6580 |  10 | 1028.0 |
        Temple |    307 |    295 |     12 |      0 |    282 |   1 |  307.0 |
         Abyss |    217 |    217 |      0 |     61 |     63 |   3 |   72.3 |
               +--------+--------+--------+--------+--------+-----+--------+

Top non-repeatable levels by time:
     D:2: 1406 daAuts
     D:4: 1269 daAuts
     D:5: 1244 daAuts
     D:9: 1232 daAuts
     D:8: 1139 daAuts
     D:6: 1094 daAuts
     D:1: 1054 daAuts
     D:7: 1008 daAuts
     D:3: 530 daAuts
  Temple: 307 daAuts
    D:10: 300 daAuts
 Abyss:2: 127 daAuts
 Abyss:4: 80 daAuts
 Abyss:3: 8 daAuts
